 Dungeon Crawl Stone Soup version 0.26.0-45-g9c1d065592 (webtiles) character file.

Game seed: 3405711596722407285

191 kaeus the Skirmisher (level 5, -14/41 (42) HPs)
             Began as a Demonspawn Fighter on Jan 28, 2021.
             Demolished by Crazy Yiuf
             ... wielding a +2 quarterstaff of chaos
              (17 damage)
             ... while paralysed by Crazy Yiuf
             ... on level 3 of the Dungeon.
             The game lasted 00:02:16 (2992 turns).

kaeus the Skirmisher (Demonspawn Fighter)           Turns: 2992, Time: 00:02:16

HP:   -14/41 (42)   AC:  6    Str: 17    XL:     5   Next: 41%
MP:   5/5           EV:  2    Int: 10    God:
Gold: 122           SH:  0    Dex: 12    Spells: 4/4 levels left

rFire    . . .     SeeInvis .   a - +0 rapier
rCold    . . .     Faith    .   c - +0 kite shield
rNeg     . . .     Spirit   .   b - +0 scale mail
rPois    .         Reflect  .   (no helmet)
rElec    .         Harm     .   (no cloak)
rCorr    .         Rampage  .   (no gloves)
Will     .....                  (no boots)
Stlth    ..........             (no amulet)
HPRegen  0.13/turn              (no ring)
MPRegen  0.09/turn              (no ring)

@: paralysed, lightly drained
A: spiny 1, miasma immunity
a: no special abilities


You were on level 3 of the Dungeon.
You visited 1 branch of the dungeon, and saw 3 of its levels.

You collected 122 gold pieces.

Inventory:

Hand Weapons
 a - a +0 rapier (weapon)
Armour
 b - a +0 scale mail (worn)
 c - a +0 kite shield (worn)
Jewellery
 j - an uncursed ring of protection from fire {unknown}
Scrolls
 e - a scroll of enchant weapon {unknown}
 f - 2 scrolls of teleportation {unknown}
 h - 2 scrolls of remove curse {unknown}
 i - 2 scrolls of identify {unknown}
 k - 2 scrolls of immolation {unknown}
Potions
 d - a potion of might
 g - a potion of flight {unknown}
 l - a potion of haste {unknown}
 m - a potion of magic {unknown}
 n - a potion of curing {unknown}


   Skills:
 + Level 4.0 Fighting
 + Level 3.0 Short Blades
 + Level 3.5 Armour
 + Level 3.6 Shields


You had 4 spell levels left.
You didn't know any spells.
Your spell library was empty.

Dungeon Overview and Level Annotations

Branches:
Dungeon (3/15)

Altars:
Xom
The Shining One

Annotations:
D:3 Crazy Yiuf


Innate Abilities, Weirdness & Mutations

You are partially covered in sharp spines.
You are immune to miasma.


Message History

Could not explore, unopened runed door.
No reachable target in view!
Could not explore, unopened runed door.
You open the door.
Crazy Yiuf zaps a wand.
The puff of flame hits you.
You take 6 damage, and have 36/42 hp.
Crazy Yiuf is struck by your spines.
Crazy Yiuf hits you with a +2 quarterstaff of chaos!
You suddenly lose the ability to move!
Crazy Yiuf zaps a wand.
The puff of flame hits you!
Crazy Yiuf hits you with a +2 quarterstaff of chaos.
* * * LOW HITPOINT WARNING * * *
You feel drained.
Crazy Yiuf hits you with a +2 quarterstaff of chaos.
* * * LOW HITPOINT WARNING * * *
Crazy Yiuf freezes you.
* * * LOW HITPOINT WARNING * * *
Crazy Yiuf hits you with a +2 quarterstaff of chaos.
* * * LOW HITPOINT WARNING * * *
You are electrocuted!
You die...

##..##
#.......#
♣.P..♣
##.####.#
♣.PP♣♣ #.#
#.####
#######
♣♣.♣♣ #.#
#.....
#.....# ♣.♣♣
#.# #.####
#.###)####
♣♣.♣ #.# #.#
#.# #....#
♣.♣♣ #.# #.#
#.###.####
♣♣.♣
##.####.#
#.....# #@#
#....##.#
###.###
#.g.#
#....##.#
#.# #...#
#....##.#
#.######
#..)#
#....##.####
#[##..[#
#####
#....##.....
##.##...#
##.#.#######
#.......###
#######.#.##
#.#.......#
#.##.##....#
#.#.......#
#.##.####..#


You could see Crazy Yiuf.

Vanquished Creatures
  Jessica (D:3)
  Natasha (thrice) (D:3)
  An adder (D:2)
  A dart slug (D:1)
  4 orcs (D:3)
  2 ball pythons (D:3)
  11 bats
  A bat zombie (D:1)
  7 giant cockroaches
  6 hobgoblins
  4 jackals (D:1)
  A quokka (D:2)
  5 frilled lizards
  A giant cockroach zombie (D:1)
  8 goblins
  9 kobolds
  13 rats
78 creatures vanquished.

Vanquished Creatures (others)
  A bat (D:3)
  8 plants (D:2)
9 creatures vanquished.

Grand Total: 87 creatures vanquished

Notes
Turn   | Place    | Note
-------+----------+-------------------------------------------
     0 | D:1      | kaeus the Demonspawn Fighter began the quest for the Orb.
     0 | D:1      | Reached XP level 1. HP: 18/18 MP: 1/1
    88 | D:1      | Gained mutation: You are partially covered in sharp spines.
                  | [demonic ancestry]
    88 | D:1      | Reached XP level 2. HP: 11/24 MP: 2/2
   331 | D:1      | Found a shimmering altar of Xom.
   637 | D:1      | Gained mutation: You are immune to miasma. [demonic
                  | ancestry]
   637 | D:1      | Reached XP level 3. HP: 25/29 MP: 3/3
  1642 | D:2      | Reached XP level 4. HP: 35/35 MP: 4/4
  1643 | D:2      | Found a glowing golden altar of the Shining One.
  1988 | D:3      | Noticed Natasha
  1994 | D:3      | Killed Natasha
  2144 | D:3      | Found a runed translucent door.
  2145 | D:3      | Noticed Crazy Yiuf
  2202 | D:3      | Noticed Natasha
  2217 | D:3      | Killed Natasha
  2394 | D:3      | Noticed Natasha
  2406 | D:3      | Killed Natasha
  2407 | D:3      | Reached skill level 4 in Fighting
  2407 | D:3      | Reached XP level 5. HP: 37/42 MP: 5/5
  2433 | D:3      | Noticed Jessica
  2437 | D:3      | Killed Jessica
  2988 | D:3      | Paralysed by Crazy Yiuf for 6 turns
  2992 | D:3      | Demolished by Crazy Yiuf

Illustrated notes

Levels and vault maps discovered:
D:1:      saegor_arrival_fortress, layout_basic, xom_teletrap_fun
D:2:      layout_loops_ring, tso_altar, serial_bayou, serial_bayou_shore_a,
          serial_bayou_pond_d, serial_bayou_ford_a, serial_bayou_pond_d,
          serial_bayou_lake_a
D:3:      layout_loops_ring, lemuel_flame_loot_1, uniq_jessica, uniq_natasha,
          uniq_crazy_yiuf_cottage

Skill      XL: |  1  2  3  4  5 |
---------------+----------------+-----
Short Blades   | 2 3 |  3.0
Shields        | 3 |  3.6
Armour         | 3 |  3.5
Fighting       | 4 |  4.0

Action                   |  1- 3 |  4- 6 || total
-------------------------+-------+-------++-------
Melee: Rapier            |   135 |    72 ||   207
Armor: Scale mail        |    53 |    22 ||    75
Dodge: Dodged            |    26 |    16 ||    42
Block: Kite shield       |    64 |    27 ||    91
